 Dungeon Crawl Stone Soup version 0.27-a0-1154-gfdeffcb720 (webtiles) character file.

Game seed: 13279577510639673740

41 DasRunzen the Slasher (level 3, -2/29 HPs)
             Began as a Demigod Gladiator on May 14, 2021.
             Killed from afar by Sigmund (9 damage)
             ... with a puff of flame
             ... on level 2 of the Dungeon.
             The game lasted 00:01:51 (2513 turns).

DasRunzen the Slasher (Demigod Gladiator)           Turns: 2513, Time: 00:01:53

Health: -2/29      AC:  4    Str: 15    XL:     3   Next: 16%
Magic:  6/6        EV: 12    Int: 14    God:
Gold:   34         SH:  0    Dex: 15    Spells: 3/3 levels left

rFire    . . .     SeeInvis .   a - +0 long sword
rCold    . . .     Faith    .   (no shield)
rNeg     . . .     Spirit   .   b - +0 leather armour
rPois    .         Reflect  .   c - +0 helmet
rElec    .         Harm     .   (no cloak)
rCorr    .         Rampage  .   (no gloves)
Will     .....                  (no boots)
Stlth    +.........             (no amulet)
HPRegen  0.09/turn              (no ring)
MPRegen  0.10/turn              (no ring)

@: lethally poisoned (-2 -> -17)
A: high mp 1, forlorn
a: no special abilities


You were on level 2 of the Dungeon.
You visited 1 branch of the dungeon, and saw 2 of its levels.

You collected 34 gold pieces.

Inventory:

Hand Weapons
 a - a +0 long sword (weapon)
Missiles
 d - 3 throwing nets (quivered)
Armour
 b - a +0 leather armour (worn)
 c - a +0 helmet (worn)
Scrolls
 e - a scroll of teleportation {unknown}
 f - 3 scrolls of amnesia {unknown}


   Skills:
 + Level 2.2 Fighting
 + Level 3.0 Long Blades
 - Level 1.7 Throwing
 + Level 1.0 Armour
 + Level 3.0 Dodging
 + Level 0.8 Spellcasting


You had 3 spell levels left.
You didn't know any spells.
Your spell library was empty.

Dungeon Overview and Level Annotations

Branches:
Dungeon (2/15)

Annotations:
D:2 Sigmund


Innate Abilities, Weirdness & Mutations

Your attributes grow dramatically as you level up.
You have an increased reservoir of magic. (+10% MP)
You shall have no god before yourself.


Message History

The giant cockroach closely misses you.
You riposte.
You hit the giant cockroach.
You kill the giant cockroach!
The kobold hits you with a +0 dagger.
You slash the kobold!
You kill the kobold!
No target in view!
As you open the door, it creaks loudly!
A rat and Sigmund come into view.
Sigmund is wielding a +1 scythe of venom.
Sigmund shouts!
There is an open door here.
It was a potion of heal wounds.
You feel much better.
Sigmund hits you from afar with a +1 scythe of venom.
The rat completely misses you.
You riposte.
You hit the rat.
The rat is moderately wounded.
Sigmund hits you with a +1 scythe of venom.
You are poisoned.
You hit Sigmund.
Sigmund is lightly wounded.
You feel sick. The rat closely misses you.
You riposte.
You slash the rat!
You kill the rat!
Sigmund barely misses you.
You slash Sigmund!
Sigmund is moderately wounded.
You feel sick.
Sigmund hits you with a +1 scythe of venom!
You are more poisoned.
You hit Sigmund.
Sigmund is heavily wounded.
You feel sick.
Sigmund hits you with a +1 scythe of venom.
You are lethally poisoned!
You slash Sigmund!
Sigmund is severely wounded.
* * * LOW HITPOINT WARNING * * *
You feel very sick. Sigmund casts a spell at you. The puff of flame hits you!
You die...

#....≈≈#.#≈≈....#.##.###
#......≈[≈......#......#
######.≈.≈.########.....
#.....# ####.. #.....#
##. #.....# ## #.....# #
#.###'#### #...@.##.#
### #..@.###.### #..
#....##....# ##..
#....##....#######...
#....##....##........
########.......#####..
#...####.........(....
#...........##########
#...####....#


You could see Sigmund.

Vanquished Creatures
  A worm (D:2)
  A dart slug (D:1)
  5 bats
  4 giant cockroaches
  3 goblins
  3 hobgoblins
  5 jackals
  4 kobolds
  2 ball pythons
  A frilled lizard (D:1)
  4 rats
33 creatures vanquished.

Notes
Turn   | Place    | Note
-------+----------+-------------------------------------------
     0 | D:1      | DasRunzen the Demigod Gladiator began the quest for the
                  | Orb.
     0 | D:1      | Reached XP level 1. HP: 17/17 MP: 3/3
   238 | D:1      | Reached XP level 2. HP: 21/24 MP: 4/4
  2230 | D:2      | Reached skill level 1 in Armour
  2230 | D:2      | Reached XP level 3. HP: 18/29 MP: 6/6
  2506 | D:2      | Noticed Sigmund
  2513 | D:2      | Killed from afar by Sigmund

Illustrated notes

Levels and vault maps discovered:
D:1:      arrival_zaba_pyramid, layout_basic
D:2:      layout_rooms, shapermc_ecumenical_altar_flowoftime,
          minmay_misc_feat_alley, nrook_loot_triangle, kennysheep_minor_cross,
          uniq_sigmund

Skill      XL: |  1  2 |
---------------+-------+-----
Fighting       | 2 |  2.2
Long Blades    | 3 |  3.0
Armour         | 1 |  1.0
Dodging        | 3 |  3.0
Throwing       | |  1.7
Spellcasting   | |  0.8

Action                   || total
-------------------------++-------
Melee: Long sword        ||   104
  Use: Scroll            ||     1
       Potion            ||     1
 Stab: Sleeping          ||     1
Armor: Leather armour    ||    44
Dodge: Dodged            ||    88
       Rpst.: Long sword ||    24

Table legend: (Time is in decaauts)
 A = Elapsed time spent in this place.
 B = Non-inter-level travel time spent in this place.
 C = Inter-level travel time spent in this place.
 D = Time resting spent in this place.
 E = Time spent auto-exploring this place.
 F = Levels seen in this place.
 G = Mean time per level.
                   A        B        C        D        E       F      G
               +--------+--------+--------+--------+--------+-----+--------+
         Total |   2541 |   2506 |     35 |    607 |   1582 |   2 | 1270.5 |
       Dungeon |   2541 |   2506 |     35 |    607 |   1582 |   2 | 1270.5 |
               +--------+--------+--------+--------+--------+-----+--------+

Top non-repeatable levels by time:
     D:1: 1670 daAuts
     D:2: 871 daAuts
